 Dungeon Crawl Stone Soup version 0.24.0-123-gd5b16e6ec5 (webtiles) character file.

Game seed: 15474903696079892835, levelgen mode: deterministic

254 PentaManta the Vandal (level 6, -21/42 HPs)
             Began as a Halfling Hunter on Jan 1, 2020.
             Was an Initiate of Okawaru.
             Blown up by Pikel (28 damage)
             ... with a disintegration bolt
             ... on level 4 of the Dungeon.
             The game lasted 00:07:52 (2843 turns).

PentaManta the Vandal (Halfling Hunter)             Turns: 2843, Time: 00:07:53

Health: -21/42     AC:  7    Str: 20    XL:     6   Next: 37%
Magic:  15/15      EV: 16    Int:  9    God:    Okawaru [......]
Gold:   142        SH:  0    Dex: 15    Spells: 5/5 levels left

rFire    . . .     SeeInvis .   b - +0 short sword
rCold    + . .     Gourm    .   (shield restricted)
rNeg     . . .     Faith    .   t - +2 leather armour {rC+}
rPois    .         Spirit   .   (no helmet)
rElec    .         Reflect  .   o - +0 cloak
rCorr    .         Harm     .   (no gloves)
MR       .....                  i - +0 pair of boots
Stlth    ++........             (no amulet)
HPRegen  0.14/turn              h - ring of magical power
MPRegen  0.14/turn              (no ring)

@: mighty, berserk cooldown, slowed, very slow
A: small, mutation resistance 1
a: Renounce Religion


You were on level 4 of the Dungeon.
You worshipped Okawaru.
Okawaru was noncommittal.
You were not hungry.

You visited 1 branch of the dungeon, and saw 4 of its levels.

You collected 142 gold pieces.

Inventory:

Hand Weapons
 a - a +2 hunting sling
 b - a +0 short sword (weapon)
Missiles
 d - 16 sling bullets
 j - 16 bolts
 m - 88 stones (quivered)
Armour
 i - a +0 pair of boots (worn)
 o - a +0 cloak (worn)
 t - a +2 leather armour of cold resistance (worn)
Jewellery
 h - a ring of magical power (left hand)
Wands
 n - a wand of paralysis (1)
 u - a wand of flame (12)
Scrolls
 g - 3 scrolls of remove curse
 p - 4 scrolls of identify
Potions
 e - a potion of agility
 l - 2 potions of curing
 s - a potion of mutation {unknown}
Comestibles
 f - 5 rations


   Skills:
 + Level 3.1 Fighting
 + Level 7.2 Slings
 + Level 3.9 Dodging
 + Level 3.5 Stealth


You had 5 spell levels left.
You didn't know any spells.
Your spell library was empty.

Dungeon Overview and Level Annotations

Branches:
Dungeon (4/15)
 Temple: D:4-7

Altars:
Makhleb
Okawaru

Annotations:
D:3 2 runed translucent doors, Crazy Yiuf; chriswess's ghost, amateur HOFi
D:4 Pikel


Innate Abilities, Weirdness & Mutations

You are small and have problems with some larger weapons.
You are somewhat resistant to further mutation.


Message History

You feel your anger nearly subside. Pikel closely misses you.
You puncture Pikel!
Pikel is moderately wounded.
Pikel closely misses you.
You closely miss Pikel.
Pikel is moderately wounded.
You are no longer berserk.
You are exhausted.
You feel yourself slow down.
Pikel hits you with a +0 whip of freezing.
* * * LOW HITPOINT WARNING * * *
Pikel hits you but does no damage.
Okay, then.
It was a potion of might.
You feel very mighty all of a sudden.
Pikel says, "You'll feel the lick of my whip!"
Pikel closely misses you.
Pikel zaps a wand.
You are blasted!
Ouch! That really hurt!
You die...

##...###..# #K#
###..#_'..# ###+###
#§# ≈##..###..##
#≈≈≈≈≈# ###§#
≈##....)...#
#≈≈≈≈≈# #§§§#
≈≈#......#.#
####≈≈≈≈≈# #§###
##########.#
#..#≈≈≈≈≈# #.# .##
##.###.# #'# #.#
..#
#...##.####.#####.#
..#
#.#.....@K..p(.p..#
..##
#...##.####.#######
...# ######......#
...# ##### ########
...# #...# ##.#
#...# #.####...####
#.#.........#
##...........#


You could see Pikel (inner flame) and 2 slaves.

Vanquished Creatures
  Eustachio (D:4)
  A centaur skeleton (D:4)
  3 adders
  3 worms
  2 dart slugs
  2 leopard geckos
  A ball python (D:2)
  4 bats
  6 giant cockroaches
  8 hobgoblins
  2 kobolds (D:1)
  A quokka (D:3)
  4 frilled lizards
  4 goblins
  A jackal skeleton (D:4)
  3 rats
46 creatures vanquished.

Notes
Turn   | Place    | Note
-------+----------+-------------------------------------------
     0 | D:1      | PentaManta the Halfling Hunter began the quest for the Orb.
     0 | D:1      | Reached XP level 1. HP: 14/14 MP: 1/1
   129 | D:1      | Reached skill level 6 in Slings
   129 | D:1      | Reached XP level 2. HP: 19/19 MP: 2/2
   598 | D:2      | Reached XP level 3. HP: 24/24 MP: 3/3
   866 | D:2      | Reached XP level 4. HP: 30/30 MP: 4/4
  1032 | D:2      | Found a faded altar of an unknown god.
  1481 | D:3      | Found a runed translucent door.
  1921 | D:3      | Found a runed translucent door.
  1922 | D:3      | Noticed Crazy Yiuf
  2058 | D:3      | Found a burning altar of Makhleb.
  2238 | D:3      | Noticed chriswess's ghost (amateur HOFi)
  2293 | D:4      | Reached XP level 5. HP: 35/35 MP: 5/5
  2383 | D:4      | Noticed Eustachio
  2420 | D:4      | Killed Eustachio
  2420 | D:4      | Reached skill level 7 in Slings
  2420 | D:4      | Reached XP level 6. HP: 17/42 MP: 6/6
  2736 | D:4      | Found an iron altar of Okawaru.
  2739 | D:4      | Became a worshipper of Warmaster Okawaru
  2778 | D:4      | Noticed Pikel
  2778 | D:4      | Noticed a slave
  2805 | D:4      | Noticed a slave
  2805 | D:4      | Noticed a slave
  2843 | D:4      | Blown up by Pikel

Levels and vault maps discovered:
D:1:      minmay_arrival_cross, layout_basic
D:2:      layout_basic, chequers_ecumenical_altar_grove, first_ration
D:3:      layout_loops_corners, bloody_makhleb, ebering_ghost_sewer_d,
          minmay_statues_item, minmay_misc_feat_columns, uniq_crazy_yiuf_cottage
D:4:      layout_loops_cross, kennysheep_mini_moat, serial_rivers,
          chequers_serial_rivers_room_b, chequers_serial_rivers_small_a,
          chequers_serial_rivers_micro_d, chequers_serial_rivers_large_a,
          chequers_serial_rivers_small_3, uniq_eustachio, uniq_pikel

Skill      XL: |  1  2  3  4  5 |
---------------+----------------+-----
Slings         | 6 7 |  7.2
Fighting       | 2 3 |  3.1
Stealth        | 2 3 |  3.5
Dodging        | 3 |  3.9

Action                   |  1- 3 |  4- 6 || total
-------------------------+-------+-------++-------
Melee: Short sword       |       |    10 ||    10
 Fire: Hunting sling     |    73 |    91 ||   164
Evoke: Wand              |       |     9 ||     9
  Use: Scroll            |     4 |     4 ||     8
       Potion            |       |     3 ||     3
 Stab: Paralysed         |       |     8 ||     8
  Eat: Chunk             |       |     2 ||     2
       Ration            |       |     1 ||     1
Armor: Leather armour    |     1 |     7 ||     8
Dodge: Dodged            |     3 |    25 ||    28
